 Dungeon Crawl Stone Soup version 0.27-a0-899-ge2d0b17c59 (webtiles) character file.

Game seed: 12878541791388448667

6463 jestyr24 the Destroyer (level 10, -7/68 HPs)
             Began as a Demonspawn Conjurer on Apr 6, 2021.
             Was a Priest of Vehumet.
             Mangled by a swamp drake (10 damage)
             ... on level 9 of the Dungeon.
             The game lasted 00:57:22 (9248 turns).

jestyr24 the Destroyer (Demonspawn Conjurer)        Turns: 9248, Time: 00:57:22

Health: -7/68      AC:  4    Str:  8    XL:     10   Next: 68%
Magic:  25/32      EV: 12    Int: 22    God:    Vehumet [***...]
Gold:   478        SH:  5    Dex: 12    Spells: 12/28 levels left

rFire    . . .     SeeInvis .   z - +4 quarterstaff (chaos)
rCold    . . .     Faith    .   (shield currently unavailable)
rNeg     . . .     Spirit   .   a - +0 robe
rPois    .         Reflect  +   C - +0 helmet
rElec    .         Harm     +   D - scarf {harm}
rCorr    .         Rampage  .   (no gloves)
Will     .....                  s - +0 pair of boots
Stlth    ++........             r - amulet of reflection
HPRegen  0.21/turn              e - ring of flight
MPRegen  0.46/turn              b - ring of magical power

@: flying
A: claws 2, foul stench 2, magic regeneration
a: Renounce Religion


You were on level 9 of the Dungeon.
You worshipped Vehumet.
Vehumet was most pleased with you.
You visited 2 branches of the dungeon, and saw 10 of its levels.

You collected 478 gold pieces.

Inventory:

Hand Weapons
 q - a +1 vorpal spear
 x - a +2 trident of venom
 z - a +4 quarterstaff of chaos (weapon)
Missiles
 g - 26 poisoned darts
 n - 2 atropa-tipped darts
 o - 9 curare-tipped darts
 y - 2 throwing nets
Armour
 a - a +0 robe (worn)
 s - a +0 pair of boots (worn)
 v - a +1 leather armour of willpower
 A - a +0 cloak
 C - a +0 helmet (worn)
 D - a scarf of harm (worn)
 F - a +3 leather armour of poison resistance
 G - the +4 Cigotuvi's embrace {rMiasma Drain rN+}
   (You found it on level 7 of the Dungeon)

   It protects you from negative energy.
   It drains your maximum health when unequipped.
Jewellery
 b - a ring of magical power (right claw)
 e - a ring of flight (left claw)
 p - a ring of fire
 r - an amulet of reflection (around neck)
 B - an amulet of regeneration
 H - a ring of protection from fire
Wands
 k - a wand of flame (16)
 t - a wand of paralysis (10)
 w - a wand of iceblast (18)
 J - a wand of random effects (10)
Scrolls
 c - 2 scrolls of teleportation
 f - 3 scrolls of fog
 i - 5 scrolls of fear
 l - a scroll of enchant weapon {unknown}
 u - a scroll of immolation {unknown}
 I - a scroll of amnesia {unknown}
 K - a scroll of torment {unknown}
Potions
 d - a potion of degeneration
 h - 2 potions of haste
 j - 3 potions of heal wounds
 m - 3 potions of curing {unknown}
 E - a potion of resistance {unknown}


   Skills:
 - Level 2.7 Fighting
 - Level 2.2 Dodging
 - Level 2.0 Stealth
 - Level 1.2 Unarmed Combat
 + Level 9.7 Spellcasting
 + Level 10.9 Conjurations
 * Level 5.7 Earth Magic


You had 12 spell levels left.
You knew the following spells:

 Your Spells              Type           Power      Damage    Failure   Level
a - Magic Dart            Conj           100%       1d8       1%          1
b - Searing Ray           Conj           100%       3d7       1%          2
c - Iron Shot             Conj/Erth      23%        9d5       9%          6
d - Fulminant Prism       Conj/Hex       17%        3d11      1%          4
e - Inner Flame           Hex/Fire       10%        N/A       5%          3

Your spell library contained the following spells:

 Spells                   Type           Power      Damage    Failure   Level
 Static Discharge         Conj/Air       34%        N/A       1%          3
 Conjure Flame            Conj/Fire      34%        6-21      1%          3
 Dazzling Flash           Conj/Hex       68%        N/A       1%          3
 Mephitic Cloud           Conj/Pois/Air  26%        N/A       1%          3
 Iskenderun's Mystic Bla  Conj/Tloc      34%        2d8       1%          4
 Ignite Poison            Fire/Tmut/Pois 10%        N/A       5%          3
 Bolt of Magma            Conj/Fire/Erth 17%        4d9       5%          5
 Sting                    Tmut/Pois      40%        1d5       6%          1
 Poisonous Vapours        Pois/Air       20%        N/A       10%         2
 Olgreb's Toxic Radiance  Pois           10%        N/A       16%         4
 Confusing Touch          Hex            10%        N/A       19%         3
 Gell's Gravitas          Tloc           5%         N/A       19%         3
 Animate Armour           Summ/Erth      46%        N/A       19%         4
 Leda's Liquefaction      Hex/Erth       11%        N/A       19%         4
 Petrify                  Tmut/Erth      23%        N/A       19%         4
 Yara's Violent Unravell  Hex/Tmut       5%         3d4       38%         5
 Freezing Cloud           Conj/Ice/Air   13%        6-21      45%         6
 Metabolic Englaciation   Hex/Ice        5%         N/A       86%         5
 Statue Form              Tmut/Erth      15%        N/A       96%         6
 Shatter                  Erth           17%        3d16*     100%        9


Dungeon Overview and Level Annotations

Branches:
Dungeon (9/15)             Temple (1/1) D:4
   Lair: D:8-11         Orc: D:9-12

Altars:
Ashenzari
Cheibriados
Dithmenos
Elyvilon
Fedhas
Gozag
Hepliaklqana
Kikubaaqudgha
Makhleb
Nemelex Xobeh
Okawaru
Qazlal
Ru
Sif Muna
Trog
Uskayaw
Vehumet
Wu Jian
Xom
Yredelemnul
Zin
The Shining One

Annotations:
D:8 2 transporters, Grum; coolguy69's ghost, novice GrMo


Innate Abilities, Weirdness & Mutations

You have very sharp fingernails.
You sometimes emit foul miasma when damaged in melee.
You regenerate magic rapidly.


Message History

An orc comes into view. It is wielding a +0 hand axe.
Casting: Searing Ray (safe; 1% risk of failure)
Confirm with . or Enter, or press ? or * to list all spells.
Aiming: Fulminant Prism (dangerous; 1% risk of failure)
Press: ? - help, Dir - move target You conjure a prism of explosive energy!
The orc shouts!
The orc priest shouts!
A fulminant prism comes into view.
You hear a roar!
The orc priest mumbles some strange prayers to Beogh against you.
Beogh smites you!
* * * LOW HITPOINT WARNING * * *
The orc priest mumbles some strange prayers to Beogh against you.
Beogh smites you!
* * * LOW HITPOINT WARNING * * *
Your fulminant prism crackles loudly.
The orc priest looks encouraged for a moment.
Your fulminant prism explodes!
The blast of energy engulfs the orc!!
You kill the orc!
Vehumet accepts your kill.
The blast of energy engulfs the orc priest!
You kill the orc priest!
Vehumet accepts your kill.
You feel your power returning.
You hear a roar!
You hear a shout!
You start resting.
A swamp drake comes into view.
Casting: Fulminant Prism (dangerous; 1% risk of failure)
Confirm with . or Enter, or press ? or * to list all spells.
Aiming: Searing Ray (safe; 1% risk of failure)
Press: ? - help, Shift-Dir - straight line, f - swamp drake
Aim: a swamp drake (19% to evade)
The searing ray hits the swamp drake.
The swamp drake is lightly wounded. (Press . to maintain the ray.)
The searing ray hits the swamp drake!
The swamp drake is severely wounded.
The searing ray misses the swamp drake.
The swamp drake bites you!
You die...

.... # . #.. ######
.o..#.)##########....#
...))))))............'
....)..#)............#
.......#).)..........#
.......#.............#
########.............# ...
#@k..............# ...
################## ..#
#####....##..####....' ..#
.....................# ..#
.....................# ..#
.....................# ..#
.....................#
..################'###########+##
.......................... .


You could see a swamp drake.

Vanquished Creatures
  A hydra (D:6)
  An unseen horror (D:6)
  A hornet (D:5)
  Prince Ribbit (D:8)
  A yak (D:6)
  A wyvern (D:9)
  6 humans (D:9)
  Menkaure (D:7)
  An acid dragon (D:7)
  A water moccasin (D:7)
  A hornet zombie (D:8)
  4 orc warriors
  A black bear (D:7)
  2 necrophages
  3 ogres
  4 centaurs
  2 kobold brigands (D:8)
  3 bullfrogs
  A scorpion (D:6)
  A wyvern zombie (D:9)
  A wyvern skeleton (D:7)
  A water moccasin skeleton (D:4)
  12 killer bees
  6 wights
  2 howler monkeys
  A bullfrog zombie (D:6)
  A centaur zombie (D:9)
  Crazy Yiuf (D:5)
  2 bullfrog skeletons (D:6)
  7 orc priests
  4 hounds
  2 iguanas
  3 jellies
  2 centaur skeletons (D:5)
  A gnoll shaman (D:5)
  4 orc wizards
  2 howler monkey zombies
  4 gnolls
  2 adders
  2 white imps
  2 worms (D:2)
  A dart slug (D:3)
  37 orcs
  7 bats
  5 endoplasms
  A giant cockroach (D:1)
  3 goblins
  6 hobgoblins
  2 jackals (D:4)
  3 quokkas
  10 ball pythons
  5 frilled lizards
  17 kobolds
  5 rats
201 creatures vanquished.

Vanquished Creatures (others)
  20 fulminant prisms
  6 plants (D:8)
26 creatures vanquished.

Grand Total: 227 creatures vanquished

Notes
Turn   | Place    | Note
-------+----------+-------------------------------------------
     0 | D:1      | jestyr24 the Demonspawn Conjurer began the quest for the
                  | Orb.
     0 | D:1      | Reached XP level 1. HP: 13/13 MP: 3/3
   300 | D:1      | Gained mutation: You regenerate magic rapidly. [demonic
                  | ancestry]
   300 | D:1      | Reached XP level 2. HP: 19/19 MP: 3/5
   487 | D:1      | Learned a level 2 spell: Searing Ray
   877 | D:2      | Reached XP level 3. HP: 24/24 MP: 4/6
   977 | D:2      | Reached skill level 5 in Conjurations
  1904 | D:3      | Gained mutation: You have sharp fingernails. [demonic
                  | ancestry]
  1904 | D:3      | Reached XP level 4. HP: 30/30 MP: 4/7
  2451 | D:4      | Gained mutation: You may rarely emit foul miasma when
                  | damaged in melee. [demonic ancestry]
  2451 | D:4      | Reached XP level 5. HP: 31/36 MP: 1/8
  2569 | D:4      | Found a staircase to the Ecumenical Temple.
  2574 | Temple   | Entered the Ecumenical Temple
  2958 | Temple   | Became a worshipper of Vehumet
  3146 | D:4      | Noticed a necrophage
  3152 | D:4      | Killed a necrophage
  3153 | D:4      | Reached skill level 1 in Fighting
  3153 | D:4      | Reached skill level 6 in Conjurations
  3371 | D:4      | Gained mutation: You have very sharp fingernails. [demonic
                  | ancestry]
  3371 | D:4      | Reached XP level 6. HP: 43/43 MP: 6/11
  3800 | D:5      | Entered Level 5 of the Dungeon
  4032 | D:5      | Reached skill level 1 in Unarmed Combat
  4065 | D:5      | Reached XP level 7. HP: 50/50 MP: 7/13
  4099 | D:5      | Noticed a hornet
  4119 | D:5      | Killed a hornet
  4229 | D:5      | Reached * piety under Vehumet
  4229 | D:5      | Offered knowledge of Shock by Vehumet.
  4240 | D:5      | Reached skill level 5 in Spellcasting
  4361 | D:5      | Learned a level 6 spell: Iron Shot
  4427 | D:5      | Reached skill level 7 in Conjurations
  4909 | D:5      | Reached skill level 1 in Earth Magic
  4913 | D:5      | Gained mutation: You sometimes emit foul miasma when
                  | damaged in melee. [demonic ancestry]
  4913 | D:5      | Reached XP level 8. HP: 57/57 MP: 5/16
  5089 | D:5      | Found a runed translucent door.
  5090 | D:5      | Noticed Crazy Yiuf
  5097 | D:5      | Killed Crazy Yiuf
  5744 | D:6      | Reached skill level 8 in Conjurations
  5771 | D:6      | Learned a level 4 spell: Fulminant Prism
  5892 | D:6      | Noticed a five-headed hydra
  5901 | D:6      | Killed an unseen horror
  5907 | D:6      | Reached XP level 9. HP: 37/62 MP: 10/19
  5913 | D:6      | Offered knowledge of Sandblast by Vehumet.
  5970 | D:6      | Killed a five-headed hydra
  5970 | D:6      | Reached ** piety under Vehumet
  5971 | D:6      | Reached skill level 9 in Conjurations
  6997 | D:7      | Found an ornate altar of the Wu Jian Council.
  7044 | D:7      | Noticed Menkaure
  7047 | D:7      | Killed Menkaure
  7266 | D:7      | Found the +4 Cigotuvi's embrace {rMiasma Drain rN+}
  7688 | D:8      | Reached XP level 10. HP: 42/68 MP: 19/22
  7787 | D:8      | Reached skill level 10 in Conjurations
  7823 | D:8      | Noticed Prince Ribbit
  7833 | D:8      | Killed Prince Ribbit
  7875 | D:8      | Found a transporter.
  7876 | D:8      | Identified the +3 kite shield "Corimuz" {Harm Drain Slay+2}
  7883 | D:8      | Identified the ring of Kuzy {Will++ AC+4}
  7885 | D:8      | Noticed coolguy69's ghost (novice GrMo)
  7887 | D:8      | Noticed Grum
  7933 | D:8      | Found a transporter.
  8270 | D:9      | Reached skill level 5 in Earth Magic
  8439 | D:9      | Offered knowledge of Inner Flame by Vehumet.
  8444 | D:9      | Learned a level 3 spell: Inner Flame
  8643 | D:9      | Reached *** piety under Vehumet
  9086 | D:9      | Offered knowledge of Static Discharge by Vehumet.
  9238 | D:9      | HP: 1/68 [orc priest/divine providence (18)]
  9248 | D:9      | Mangled by a swamp drake

Illustrated notes

Levels and vault maps discovered:
D:1:      wander_arrival_abandoned_jail, layout_basic, minivault_25,
          corexii_leaking_fountain, serial_bayou_crossing
D:2:      layout_basic, grunt_decor_fettered
D:3:      layout_basic, shapermc_ecumenical_altar_flowoftime,
          minmay_pentomino_pile
D:4:      layout_loops_cross, temple_doors_e, minmay_misc_feat_rows
D:5:      layout_layer_cave, uniq_crazy_yiuf_cottage
D:6:      kennysheep_big_flooded_room, layout_loops_corners, kb_rosetta
D:7:      black_bear_nest_1, layout_gridville, pdpol_wu_jian_five_deadly_venoms,
          uniq_menkaure
D:8:      layout_rooms, gammafunk_ghost_gnarly_gnolls, uniq_prince_ribbit1
D:9:      layout_stronghold, erik_orc_1, minmay_ruffians
Temple:   nicolae_temple_the_god_donut

Skill      XL: |  1  2  3  4  5  6  7  8  9 10 |
---------------+-------------------------------+-----
Conjurations   | 5 6 7 8 9 10 | 10.9
Stealth        | 2 |  2.0
Spellcasting   | 3 4 5 7 8 9 |  9.7
Fighting       | 1 2 |  2.7
Dodging        | 2 |  2.2
Unarmed Combat | 1 |  1.2
Earth Magic    | 1 3 4 5 |  5.7

Action                   |  1- 3 |  4- 6 |  7- 9 | 10-12 || total
-------------------------+-------+-------+-------+-------++-------
Melee: Unarmed           |       |    14 |       |       ||    14
       Quarterstaff      |       |       |     2 |     4 ||     6
 Cast: Magic Dart        |    60 |    60 |    63 |    34 ||   217
       Searing Ray       |     7 |    24 |    37 |    34 ||   102
       Fulminant Prism   |       |       |    15 |     5 ||    20
  Use: Scroll            |       |       |    10 |       ||    10
 Stab: Sleeping          |       |     1 |       |       ||     1
Armor: Robe              |       |     4 |     5 |     4 ||    13
Dodge: Dodged            |     1 |    22 |    22 |    15 ||    60
Block: Other             |       |       |     9 |     5 ||    14
       Reflection        |       |       |       |     1 ||     1

Table legend: (Time is in decaauts)
 A = Elapsed time spent in this place.
 B = Non-inter-level travel time spent in this place.
 C = Inter-level travel time spent in this place.
 D = Time resting spent in this place.
 E = Time spent auto-exploring this place.
 F = Levels seen in this place.
 G = Mean time per level.
                   A        B        C        D        E       F      G
               +--------+--------+--------+--------+--------+-----+--------+
         Total |   9263 |   9042 |    221 |   2051 |   5548 |  10 |  926.3 |
       Dungeon |   8865 |   8701 |    164 |   2051 |   5222 |   9 |  985.0 |
        Temple |    398 |    341 |     57 |      0 |    326 |   1 |  398.0 |
               +--------+--------+--------+--------+--------+-----+--------+

Top non-repeatable levels by time:
     D:6: 1406 daAuts
     D:5: 1359 daAuts
     D:7: 1062 daAuts
     D:9: 1035 daAuts
     D:4: 1014 daAuts
     D:2: 1011 daAuts
     D:1: 887 daAuts
     D:8: 588 daAuts
     D:3: 498 daAuts
  Temple: 398 daAuts
